 Dungeon Crawl Stone Soup version 0.23-a0-677-g07611c5 (webtiles) character file.

200 Blackhawk the Skirmisher (level 5, 0/42 HPs)
             Began as a Demonspawn Fighter on Jan 9, 2019.
             Was an Initiate of Okawaru.
             Slain by a worker ant (2 damage)
             ... on level 5 of the Dungeon.
             The game lasted 00:03:45 (3040 turns).

Blackhawk the Skirmisher (Demonspawn Fighter)       Turns: 3040, Time: 00:03:45

Health: 0/42       AC:  8    Str: 18    XL:     5   Next: 49%
Magic:  5/5        EV:  7    Int:  9    God:    Okawaru [......]
Gold:   117        SH:  9    Dex: 12    Spells: 4/4 levels left

rFire    . . .     SeeInvis .   a - +0 war axe
rCold    . . .     Gourm    .   c - +0 shield
rNeg     . . .     Faith    .   b - +0 scale mail
rPois    .         Spirit   .   (no helmet)
rElec    .         Reflect  .   n - +0 cloak
rCorr    .         Harm     .   (no gloves)
MR       .....                  (no boots)
Stlth    +.........             l - amulet of regeneration
HPRegen  0.54/turn              (no ring)
MPRegen  0.09/turn              (no ring)

@: lethally poisoned (0 -> -15)
A: hooves 1, nightstalker 1
a: Renounce Religion


You were on level 5 of the Dungeon.
You worshipped Okawaru.
Okawaru was noncommittal.
You were not hungry.

You visited 1 branch of the dungeon, and saw 5 of its levels.

You collected 117 gold pieces.

Inventory:

Hand Weapons
 a - a +0 war axe (weapon)
Armour
 b - a +0 scale mail (worn)
 c - a +0 shield (worn)
 n - a +0 cloak (worn)
Jewellery
 l - an amulet of regeneration (around neck)
Wands
 q - a wand of paralysis (5)
 w - a wand of disintegration (11)
 y - a wand of digging (7)
Scrolls
 e - 7 scrolls of identify {unknown}
 j - a scroll of fog {unknown}
 m - a scroll of remove curse {unknown}
 o - 4 scrolls of teleportation {unknown}
 s - 3 scrolls of random uselessness {unknown}
 t - a scroll of magic mapping {unknown}
Potions
 d - a potion of might
 g - 2 potions of flight {unknown}
 h - 2 potions of curing {unknown}
 i - 2 potions of haste {unknown}
 k - a potion of degeneration {unknown}
 p - a potion of agility {unknown}
 r - a potion of berserk rage {unknown}
 u - a potion of resistance
 v - a potion of cancellation {unknown}
 x - a potion of mutation {unknown}
Comestibles
 f - 7 rations
 z - a chunk of flesh


   Skills:
 + Level 4.0 Fighting
 + Level 3.0 Axes
 + Level 3.6 Armour
 + Level 3.7 Shields


You had 4 spell levels left.
You didn't know any spells.
Your spell library was empty.

Dungeon Overview and Level Annotations

Branches:
Dungeon (5/15)
 Temple: D:4-7

Altars:
Okawaru
Sif Muna
Wu Jian
Xom

Annotations:
D:5 Dowan, Duvessa


Innate Abilities, Weirdness & Mutations

You have large cloven feet.
You are slightly more attuned to the shadows.


Message History

The worker ant closely misses you. Duvessa completely misses you.
The worker ant bites you but does no damage.
You barely miss the worker ant.
The worker ant is severely wounded.
Your shield and scale mail prevent you from hitting Duvessa.
* * * LOW HITPOINT WARNING * * *
You feel very sick. The worker ant bites you.
* * * LOW HITPOINT WARNING * * *
Duvessa barely misses you.
You slash Duvessa!
Duvessa is severely wounded.
You barely miss the worker ant.
* * * LOW HITPOINT WARNING * * *
You feel sick. You block the worker ant's attack.
Duvessa hits you with a +4 rapier of venom!
* * * LOW HITPOINT WARNING * * *
You are more poisoned.
The worker ant bites you.
You die...

######## #...a@.#
#######
....#e#.####......
.e #.#...........
#.###.#....... ..
#......... ##
#.#..##### ≈≈≈
≈≈.#...#
####..<..####
...#.###....#


You could see Duvessa, Dowan and a worker ant.

Vanquished Creatures
  2 worker ants (D:4)
  8 adders
  2 oozes (D:3)
  A worm (D:3)
  A dart slug (D:1)
  2 leopard geckos
  3 orcs
  5 giant cockroaches
  7 goblins
  3 hobgoblins
  7 jackals
  3 quokkas
  2 ball pythons
  5 bats
  2 frilled lizards
  6 kobolds
  9 rats
68 creatures vanquished.

Notes
Turn   | Place    | Note
-------+----------+-------------------------------------------
     0 | D:1      | Blackhawk the Demonspawn Fighter began the quest for the
                  | Orb.
     0 | D:1      | Reached XP level 1. HP: 18/18 MP: 1/1
   141 | D:1      | Gained mutation: You have large cloven feet. [demonic
                  | ancestry]
   141 | D:1      | Reached XP level 2. HP: 24/24 MP: 2/2
   584 | D:1      | Found a stormy altar of Qazlal.
   586 | D:1      | Found a bloodstained altar of Trog.
   586 | D:1      | Found a hide-covered altar of Uskayaw.
   588 | D:1      | Found a radiant altar of Vehumet.
   588 | D:1      | Found a shimmering altar of Xom.
   588 | D:1      | Found a sparkling altar of Nemelex Xobeh.
   806 | D:2      | Reached XP level 3. HP: 12/29 MP: 3/3
  1201 | D:2      | Found a faded altar of an unknown god.
  1611 | D:3      | Reached XP level 4. HP: 35/35 MP: 4/4
  1654 | D:3      | Found a deep blue altar of Sif Muna.
  2211 | D:4      | Gained mutation: You are slightly more attuned to the
                  | shadows. [demonic ancestry]
  2211 | D:4      | Reached XP level 5. HP: 30/42 MP: 5/5
  2710 | D:4      | Reached skill level 4 in Fighting
  2769 | D:4      | Found an ornate altar of the Wu Jian Council.
  2790 | D:4      | Found an iron altar of Okawaru.
  2793 | D:4      | Became a worshipper of Warmaster Okawaru
  2995 | D:5      | Entered Level 5 of the Dungeon
  3029 | D:5      | Noticed Dowan
  3030 | D:5      | Noticed Duvessa
  3040 | D:5      | HP: 2/42 [Duvessa/+4 rapier of venom (7)]
  3040 | D:5      | Slain by a worker ant

Vault maps used:
D:1:      onia_arrival_larder, doesnt_xom_only_xom
D:2:      chequers_ecumenical_altar_grove
D:3:      lemuel_blue_sif_altar
D:4:      kennysheep_mini, marbit_many_paths
D:5:      nicolae_overflow_hidden_temple, minmay_temple_entry_from_below_a,
          first_ration, palyth_stone_intersect, serial_park_tiny_2,
          grunt_decor_cap, kennysheep_generic_room_12, uniq_grinder,
          uniq_duvessa, uniq_eustachio

Skill      XL: |  1  2  3  4  5 |
---------------+----------------+-----
Axes           | 2 3 |  3.0
Armour         | 3 |  3.6
Shields        | 3 |  3.7
Fighting       | 4 |  4.0

Action                   |  1- 3 |  4- 6 || total
-------------------------+-------+-------++-------
Melee: War axe           |   136 |   110 ||   246
       Kick              |    21 |    24 ||    45
  Eat: Chunk             |     3 |     4 ||     7
Armor: Scale mail        |    63 |    48 ||   111
Dodge: Dodged            |    44 |    40 ||    84
Block: Shield            |    80 |    65 ||   145

Table legend:
 A = Non-vault XP
 B = Vault XP
 C = Vault XP percentage of total XP
 D = Non-vault monster count
 E = Vault monster count
 F = Vault count percentage of total count
                 A         B        C        D         E       F
            +---------+---------+-------+---------+---------+-------
      Total |     281 |       6 |   2.1 |      63 |       5 |   7.4
            +---------+---------+-------+---------+---------+-------
        D:1 |      19 |       6 |  24.0 |      11 |       5 |  31.2
        D:2 |      34 |       0 |   0.0 |      14 |       0 |   0.0
        D:3 |     103 |       0 |   0.0 |      24 |       0 |   0.0
        D:4 |     120 |       0 |   0.0 |      12 |       0 |   0.0
        D:5 |       5 |       0 |   0.0 |       2 |       0 |   0.0
            +---------+---------+-------+---------+---------+-------
